 Dungeon Crawl Stone Soup version 0.20.1-1-g8b1a95d (webtiles) character file.

39 vatarom the Insei (level 3, 0/29 HPs)
             Began as a Draconian Transmuter on Sept 20, 2017.
             Slain by a gnoll
             ... wielding a +1 flail of crushing
              (1 damage)
             ... on level 2 of the Dungeon.
             The game lasted 00:02:33 (939 turns).

vatarom the Insei (Draconian Transmuter)             Turns: 939, Time: 00:02:34

Health: 0/29       AC:  5    Str: 10 (12) XL:     3   Next: 28%
Magic:  2/6        EV: 12    Int: 10 (13) God:
Gold:   81         SH:  0    Dex: 10 (12) Spells: 3/6 levels left

rFire    . . .     SeeInvis .     - Unarmed
rCold    . . .     Gourm    .   (no shield)
rNeg     . . .     Faith    .   (armour unavailable)
rPois    .         Spirit   .   (helmet restricted)
rElec    .         Reflect  .   f - scarf {repulsion}
rCorr    .         Harm     .   (no gloves)
MR       .....                  (no boots)
Stlth    +.........             (no amulet)
Regen    0.1/turn               (no ring)
MPRegen  0.1/turn               (no ring)

@: repel missiles
A: unfitting armour, cold-blooded, AC +5
a: no special abilities


You were on level 2 of the Dungeon.
You were hungry.

You visited 1 branch of the dungeon, and saw 2 of its levels.

You collected 81 gold pieces.

Inventory:

Missiles
 a - 10 arrows
Armour
 f - a scarf of repulsion (worn)
Scrolls
 d - a scroll of remove curse
 j - a scroll of identify
Potions
 e - a potion of invisibility
Books
 b - a book of Changes

   Spells                             Type                      Level
   a - Beastly Appendage              Transmutation                1
   b - Sticks to Snakes               Transmutation                2
   c - Spider Form                    Transmutation/Poison         3
   d - Ice Form                       Ice/Transmutation            4
   e - Blade Hands                    Transmutation                5
Comestibles
 c - 2 bread rations
 g - 3 chunks of flesh
 k - a royal jelly


   Skills:
 + Level 1.9 Fighting
 + Level 2.1 Dodging
 * Level 3.8 Unarmed Combat
 - Level 2.0 Spellcasting
 - Level 2.0 Transmutations


You had 3 spell levels left.
You knew the following spells:

 Your Spells              Type           Power        Failure   Level  Hunger
a - Beastly Appendage     Tmut           #.....       14%         1    ##.....
b - Sticks to Snakes      Tmut           #.......     21%         2    ###....


Dungeon Overview and Level Annotations

Branches:
Dungeon (2/15)

Altars:


Innate Abilities, Weirdness & Mutations

Your plain brown scales are hard. (AC +5)
You cannot fit into any form of body armour.
You are cold-blooded and may be slowed by cold attacks.


Message History

Your ball python bites the gnoll but does no damage.
Your ball python closely misses the gnoll.
Your ball python bites the gnoll.
Your ball python barely misses the gnoll.
The gnoll hits your ball python with a spear.
Your ball python dies!
Your adder bites the gnoll.
What are your orders? t - Shout!
Orders for allies: a - Attack new target. r - Retreat! s - Stop attacking. g - Guard the area. f - Follow me.
Anything else - Cancel.
Gang up on whom?
Press: ? - help, Dir - move target cursor, f - gnoll
Aim: a gnoll, wielding a flail of crushing (heavily wounded) Attack!
Your adder bites the gnoll.
The gnoll hits you with a flail of crushing.
* * * LOW HITPOINT WARNING * * *
You die...

#.# #........#
#.######...)....#
#.#....#........####
#.#.#######''####..#
#.#.# #.#...#. #.#
#.#.# #..###..# #..
#.#.####.## #.###..
#.......## ##.....
###@####.## ##.###.#
###g####..###.## #.#
#####.S......#.#.##
#.#
......g....>....##
#.#
######w#.########
#.# ?....# #.# #.##.
## #.# # #. #.. #. #


You could see 2 gnolls, a dart slug and a friendly adder.

Vanquished Creatures
  A dart slug (D:1)
  3 bats (D:1)
  2 giant cockroaches (D:1)
  3 goblins
  5 hobgoblins
  A ball python (D:1)
  A frilled lizard (D:1)
  A kobold (D:1)
  2 rats (D:1)
19 creatures vanquished.

Vanquished Creatures (collateral kills)
  2 gnolls (D:2)
2 creatures vanquished.

Grand Total: 21 creatures vanquished

Notes
Turn   | Place    | Note
-------+----------+-------------------------------------------
     0 | D:1      | vatarom the Draconian Transmuter began the quest for the Orb.
     0 | D:1      | Reached XP level 1. HP: 16/16 MP: 3/3
   127 | D:1      | Reached XP level 2. HP: 4/23 MP: 5/5
   331 | D:1      | Learned a level 2 spell: Sticks to Snakes
   933 | D:2      | Reached XP level 3. HP: 13/29 MP: 1/6
   939 | D:2      | HP: 1/29 [gnoll/flail of crushing (5)]
   939 | D:2      | Slain by a gnoll

Skill      XL: |  1  2 |
---------------+-------+-----
Dodging        | 2 |  2.1
Fighting       | |  1.9
Unarmed Combat | |  3.8
Spellcasting   | |  2.0
Transmutations | |  2.0

Action                   || total
-------------------------++-------
Melee: Unarmed           ||    84
       Headbutt          ||     5
       Tailslap          ||     5
       Punch             ||     1
       Kick              ||     2
 Cast: Beastly Appendage ||     7
       Sticks to Snakes  ||     2
  Use: Scroll            ||     4
       Potion            ||     3
Armor: Skin              ||    34
Dodge: Dodged            ||    59
       Deflected         ||     1
